 Dungeon Crawl Stone Soup version 0.30-a0-1161-g0704695555 (webtiles) character file.

Game seed: 315372542266607351

795 cheesebisquit the Zephyrmancer (level 8, -2/36 HPs)
             Began as a Meteoran Air Elementalist on Apr 27, 2023.
             Was a Follower of Vehumet.
             Killed from afar by an acid dragon (16 damage)
             ... with a splash of acid
             ... on level 5 of the Dungeon.
             The game lasted 00:10:04 (2836 turns).

cheesebisquit the Zephyrmancer (MeAE)               Turns: 2836, Time: 00:10:04

Health: -2/36      AC: 11    Str:  9    XL:     8   Next: 35%
Magic:  7/13       EV: 12    Int: 20    God:    Vehumet [*.....]
Gold:   181        SH:  0    Dex: 14    Spells: 2/12 levels left

rFire   . . .        c - +2 dagger (drain)
rCold   . . .        (no shield)
rNeg    + . .        q - +2 robe {rN+}
rPois   .            u - +2 helmet
rElec   .            (no cloak)
rCorr   .            (no gloves)
SInv    .            (no boots)
Will    +....        (no amulet)
Stlth   +            k - +4 ring of protection
HPRegen 0.26/turn    (no ring)
MPRegen 0.13/turn

%: no passive effects
@: glowing
A: sense surroundings 1, otherworldly, glowing, explore regen
a: Renounce Religion


You were on level 5 of the Dungeon.
You worshipped Vehumet.
Vehumet was aware of your devotion.
You visited 1 branch of the dungeon, and saw 5 of its levels.

You collected 181 gold pieces.

Inventory:

Hand Weapons
 c - a +2 dagger of draining (weapon)
Missiles
 t - 2 boomerangs of dispersal
Armour
 h - a +0 buckler
 q - a +2 robe of positive energy (worn)
 u - a +2 helmet (worn)
Jewellery
 k - a +4 ring of protection (left hand)
Wands
 b - a wand of flame (9)
Scrolls
 d - 2 scrolls of enchant weapon {unknown}
 f - a scroll of vulnerability {unknown}
 g - 3 scrolls of teleportation {unknown}
 j - a scroll of magic mapping {unknown}
 m - 2 scrolls of fog {unknown}
 n - 2 scrolls of fear {unknown}
 o - 4 scrolls of identify {unknown}
 s - a scroll of torment {unknown}
Potions
 a - a potion of resistance {unknown}
 e - 4 potions of haste {unknown}
 i - 2 potions of degeneration {unknown}
 l - a potion of attraction {unknown}
 p - a potion of lignification {unknown}
 r - 2 potions of curing {unknown}


   Skills:
 - Level 2.4 Dodging
 - Level 1.4 Stealth
 - Level 2.6 Spellcasting
 - Level 1.2 Conjurations
 + Level 10.8 Air Magic


You had 2 spell levels left.
You knew the following spells:

 Your Spells              Type           Power      Damage    Failure   Level
a - Shock                 Conj/Air       100%       1d9       1%          1
b - Swiftness             Air            46%        N/A       1%          3
c - Static Discharge      Conj/Air       52%        2-5/arc   1%          2
z - Airstrike             Air            23%        2d(4-20)  1%          4

Your spell library contained the following spells:

 Spells                   Type           Power      Damage    Failure   Level
 Foxfire                  Conj/Fire      20%        2x1d5     12%         1


Dungeon Overview and Level Annotations

Branches:
Dungeon (5/15) Zot: 564
 Temple: D:4-7

Altars:
Uskayaw
Vehumet


Innate Abilities, Weirdness & Mutations

You passively map a small area around you.
You are easily found by Zot.
You glow in the dark.
You regain HP and MP as you explore.


Message History

The zap hits the adder!
The adder is heavily wounded.
The adder hisses angrily.
You hear a roar!
An acid dragon comes into view.
The zap hits the adder!
You kill the adder!
Vehumet accepts your kill.
The zap hits the acid dragon.
The acid dragon is lightly wounded.
A jelly comes into view.
The acid dragon spits acid at you. The splash of acid hits you!!
Ouch! That really hurt!
You are too injured to fight recklessly!
Aiming: Shock (safe; 1% risk of failure)
Press: ? - help, Q - select action, (/) - cycle Shift-Dir - straight line, f/p - acid dragon
Aim: an acid dragon (lightly wounded, catching its breath, 74% to hit)
The zap hits the acid dragon.
The acid dragon is lightly wounded.
The jelly quivers.
Aiming: Shock (safe; 1% risk of failure)
Press: ? - help, Q - select action, (/) - cycle Shift-Dir - straight line, f/p - acid dragon
Aim: an acid dragon (lightly wounded, catching its breath, 74% to hit)
The zap hits the acid dragon.
The acid dragon is moderately wounded.
A hound comes into view.
Aiming: Shock (safe; 1% risk of failure)
Press: ? - help, Q - select action, (/) - cycle Shift-Dir - straight line, f/p - acid dragon
Aim: an acid dragon (moderately wounded, 74% to hit)
The zap hits the acid dragon but does no damage.
The acid dragon is moderately wounded.
The hound barks!
Aiming: Shock (safe; 1% risk of failure)
Press: ? - help, Q - select action, (/) - cycle Shift-Dir - straight line, f/p - acid dragon
Aim: an acid dragon (moderately wounded, 74% to hit)
The zap hits the acid dragon!
The acid dragon is heavily wounded.
The acid dragon spits acid at you. The splash of acid hits you!
You die...

, ........## , ,
.........## , .$........#
... ..........# *...
.†..h.....,** #..#
#....JD.. ,, #.># *
#.[....##* ##..#
#..!...## ##..# , *
##....@.###..#* #
##......#...########## ,
*#..#........).........
*#...###........).)..)...
#.## ##.....#######....
#. #.##### #.... ,, , #
*#.# #>... ..# #.... #.##
##...


You could see an acid dragon (catching breath), a hound and a jelly.

Vanquished Creatures
  Sigmund (D:3)
  A black bear (D:3)
  A scorpion (D:4)
  3 hounds
  A gnoll bouda (D:4)
  A sleepcap (D:4)
  An iguana (D:4)
  2 orc wizards (D:5)
  Natasha (twice) (D:3)
  5 gnolls
  7 adders
  2 worms
  A dart slug (D:1)
  3 orcs
  7 endoplasms
  6 giant cockroaches
  13 goblins
  6 hobgoblins
  7 jackals (D:1)
  9 kobolds
  4 quokkas
  2 ball pythons
  11 bats
  4 frilled lizards
  9 rats
109 creatures vanquished.

Notes
Turn   | Place    | Note
-------+----------+-------------------------------------------
     0 | D:1      | cheesebisquit the Meteoran Air Elementalist began the quest
                  | for the Orb.
     0 | D:1      | Reached XP level 1. HP: 14/14 MP: 5/5
    41 | D:1      | Reached skill level 4 in Air Magic
    80 | D:1      | Reached XP level 2. HP: 20/20 MP: 3/6
   135 | D:1      | Reached skill level 5 in Air Magic
   135 | D:1      | Reached XP level 3. HP: 7/26 MP: 0/8
   493 | D:1      | Reached XP level 4. HP: 29/33 MP: 4/9
   499 | D:1      | Glimpsed the power of Zot.
   549 | D:1      | Glimpsed the power of Zot.
   589 | D:1      | Glimpsed the power of Zot.
   599 | D:1      | Touched by the power of Zot.
   656 | D:2      | Found a faded altar of an unknown god.
   774 | D:2      | Reached skill level 6 in Air Magic
   818 | D:2      | Learned a level 3 spell: Swiftness
   821 | D:2      | Learned a level 2 spell: Static Discharge
   915 | D:2      | Reached XP level 5. HP: 29/29 MP: 7/10
  1300 | D:1      | Glimpsed the power of Zot.
  1349 | D:2      | Glimpsed the power of Zot.
  1391 | D:3      | Found a radiant altar of Vehumet.
  1395 | D:3      | Became a worshipper of Vehumet
  1479 | D:3      | Noticed a black bear
  1486 | D:3      | Killed a black bear
  1487 | D:3      | Reached skill level 7 in Air Magic
  1487 | D:3      | Reached XP level 6. HP: 36/36 MP: 3/11
  1503 | D:3      | Noticed Sigmund
  1511 | D:3      | Killed Sigmund
  1512 | D:3      | Reached skill level 8 in Air Magic
  1512 | D:3      | Reached XP level 7. HP: 39/41 MP: 4/12
  1581 | D:3      | Noticed Natasha
  1588 | D:3      | Killed Natasha
  1759 | D:3      | Reached skill level 9 in Air Magic
  1825 | D:3      | Learned a level 4 spell: Airstrike
  1900 | D:3      | Glimpsed the power of Zot.
  1911 | D:3      | Found a hide-covered altar of Uskayaw.
  2267 | D:4      | Reached * piety under Vehumet
  2267 | D:4      | Offered knowledge of Foxfire by Vehumet.
  2268 | D:4      | Reached skill level 10 in Air Magic
  2268 | D:4      | Reached XP level 8. HP: 33/48 MP: 5/13
  2496 | D:3      | Noticed Natasha
  2500 | D:3      | Killed Natasha
  2500 | D:3      | Glimpsed the power of Zot.
  2550 | D:3      | Glimpsed the power of Zot.
  2590 | D:3      | Glimpsed the power of Zot.
  2600 | D:4      | Touched by the power of Zot.
  2701 | D:4      | Glimpsed the power of Zot.
  2726 | D:5      | Entered Level 5 of the Dungeon
  2836 | D:5      | Killed from afar by an acid dragon

Illustrated notes

Levels and vault maps discovered:
D:1:      dpeg_arrival_subterranean_lakeside_camping, layout_basic,
          nrook_mini_vaults, minmay_stone_trees_medium
D:2:      layout_basic, shapermc_ecumenical_altar_starsandcircs
D:3:      layout_basic, mainiacjoe_overflow_alcove_1,
          mainiacjoe_overflow_alcove_3, minmay_misc_feat_secret_circle,
          uniq_sigmund, uniq_natasha
D:4:      layout_loops_corners, uniq_menkaure
D:5:      layout_cave_pods, minmay_temple_entry_stoned_glass

Skill      XL: |  1  2  3  4  5  6  7 |
---------------+----------------------+-----
Air Magic      | 4 5 6 7 8 10 | 10.8
Dodging        | |  2.4
Stealth        | |  1.4
Spellcasting   | |  2.6
Conjurations   | |  1.2

Action                     |  1- 3 |  4- 6 |  7- 9 || total
---------------------------+-------+-------+-------++-------
  Melee: Unarmed           |     7 |       |       ||     7
         Dagger            |    14 |     4 |     1 ||    19
         Punch             |     1 |       |       ||     1
   Cast: Shock             |    44 |   103 |    90 ||   237
         Airstrike         |       |       |     7 ||     7
    Use: Potion            |       |       |     1 ||     1
 Armour: Robe              |     6 |    12 |    13 ||    31
  Dodge: Dodged            |    10 |    20 |    19 ||    49

Table legend: (Time is in decaauts)
 A = Elapsed time spent in this place.
 B = Non-inter-level travel time spent in this place.
 C = Inter-level travel time spent in this place.
 D = Time resting spent in this place.
 E = Time spent auto-exploring this place.
 F = Levels seen in this place.
 G = Mean time per level.
                   A        B        C        D        E       F      G
               +--------+--------+--------+--------+--------+-----+--------+
         Total |   2835 |   2656 |    179 |      0 |   2112 |   5 |  567.0 |
       Dungeon |   2835 |   2656 |    179 |      0 |   2112 |   5 |  567.0 |
               +--------+--------+--------+--------+--------+-----+--------+

Top non-repeatable levels by time:
     D:1: 905 daAuts
     D:3: 782 daAuts
     D:4: 575 daAuts
     D:2: 462 daAuts
     D:5: 109 daAuts
